[Event "Asian Amateur Rapid 2024"]
[Site "Al Ain"]
[Date "2024.12.15"]
[Round "3.20"]
[White "Atharv Bansal"]
[Black "Abdulla Younes Alkhemeiri"]
[Result "1-0"]
[ECO "B08"]
[WhiteElo "1896"]
[BlackElo "1547"]
[Annotator "NA RC"]
[PlyCount "45"]
[EventDate "2024.12.15"]
[EventType "swiss"]
[EventCountry "UAE"]
[SourceTitle "playchess.com"]
[Source "ChessBase"]
[SourceQuality "1"]
[TimeControl "900+10"]

1. e4 d6 2. d4 Nf6 3. Nc3 g6 4. Nf3 Bg7 5. h3 Nbd7 6. Bc4 c5 7. dxc5 Nxc5 8. e5 Ng8 9. O-O Nh6 10. exd6 Qxd6 11. Qxd6 exd6 12. Bxh6 Bxh6 13. Nb5 Kd7 14. Rad1 Ne4 15. Ne5+ Ke7 16. Nxf7 Be6 17. Bxe6 Kxe6 18. Nxh6 Kf6 19. Rfe1 Kg7 20. Rxe4 Kxh6 21. Rxd6 a6 22. Nd4 Rad8 23. Ne6 1-0

[Event "Asian Amateur Rapid 2024"]
[Site "Al Ain"]
[Date "2024.12.15"]
[Round "3.21"]
[White "Muhammad Saifan Noushad Ibrahi"]
[Black "Dadabaev, Zhanybek"]
[Result "0-1"]
[ECO "B22"]
[WhiteElo "1534"]
[BlackElo "1927"]
[Annotator "RC"]
[PlyCount "94"]
[EventDate "2024.12.15"]
[EventType "swiss"]
[EventCountry "UAE"]
[SourceTitle "playchess.com"]
[Source "ChessBase"]
[SourceQuality "1"]
[TimeControl "900+10"]

1. e4 c5 2. Nf3 Nc6 3. c3 d5 4. exd5 Qxd5 5. d4 Bg4 6. Be2 e6 7. h3 Bh5 8. Be3 cxd4 9. cxd4 Nf6 10. Nc3 Qd6 11. Rc1 Be7 12. Qa4 O-O 13. O-O a6 14. a3 b5 15. Qb3 Rac8 16. Rfd1 Na5 17. Qa2 Nc4 18. b4 Nxe3 19. fxe3 Qg3 20. e4 Rxc3 21. Rxc3 Nxe4 22. Rc2 Bd6 23. Ne5 Bxe2 24. Rxe2 Nc3 25. Rd3 Qxd3 26. Nxd3 Nxa2 27. Rxa2 Rd8 28. Kf2 g5 29. Rc2 Bh2 30. g3 Rxd4 31. Rc3 e5 32. Nxe5 Rd2+ 33. Kf1 Rd1+ 34. Kg2 Rd2+ 35. Kf1 Ra2 36. Ng4 Ra1+ 37. Kg2 Bg1 38. Nh6+ Kg7 39. Nf5+ Kf6 40. g4 Ke5 41. Kf3 Bd4 42. Rb3 Rf1+ 43. Ke2 Rf2+ 44. Ke1 Rh2 45. Kf1 h5 46. Nh6 Ke4 47. Nxf7 Rf2+ 0-1

[Event "Asian Amateur Rapid 2024"]
[Site "Al Ain"]
[Date "2024.12.15"]
[Round "3.22"]
[White "Al Abdali, Zeyad Saleh"]
[Black "Aamer Saeed, Alyileili"]
[Result "0-1"]
[ECO "D36"]
[WhiteElo "1744"]
[BlackElo "1619"]
[Annotator "NA RC"]
[PlyCount "27"]
[EventDate "2024.12.15"]
[EventType "swiss"]
[EventCountry "UAE"]
[SourceTitle "playchess.com"]
[Source "ChessBase"]
[SourceQuality "1"]
[TimeControl "900+10"]

1. d4 d5 2. c4 e6 3. Nc3 Nf6 4. cxd5 exd5 5. Bg5 Be7 6. e3 O-O 7. Bd3 h6 8. Bh4 c6 9. h3 Re8 10. Nf3 Ne4 11. Bxe7 Qxe7 12. O-O Nd7 13. Qc2 Nd6 14. Rfe1 0-1

[Event "Asian Amateur Rapid 2024"]
[Site "Al Ain"]
[Date "2024.12.15"]
[Round "3.23"]
[White "Saud Bader Huwair Alzarooni"]
[Black "Adel, Tahseen Khalil"]
[Result "0-1"]
[ECO "B22"]
[WhiteElo "1644"]
[BlackElo "1833"]
[Annotator "NA RC"]
[PlyCount "107"]
[EventDate "2024.12.15"]
[EventType "swiss"]
[EventCountry "UAE"]
[SourceTitle "playchess.com"]
[Source "ChessBase"]
[SourceQuality "1"]
[TimeControl "900+10"]

1. e4 c5 2. c3 Nf6 3. e5 Nd5 4. Nf3 Nc6 5. Bc4 e6 6. Qe2 Be7 7. d4 cxd4 8. cxd4 d6 9. O-O Nb6 10. Bb3 O-O 11. a3 Qc7 12. Nc3 a6 13. Qe4 d5 14. Qg4 f6 15. exf6 Rxf6 16. Qh5 Bd7 17. Bc2 h6 18. Re1 Raf8 19. Bg6 Bd6 20. Bg5 Rxg6 21. Qxg6 Be8 22. Qxe6+ Bf7 23. Qf5 hxg5 24. Nxg5 g6 25. Qh3 Be8 26. Re6 Bf4 27. Rae1 Bxg5 28. Rxe8 Qf7 29. Rxf8+ Qxf8 30. Qg4 Qf5 31. Re8+ Kf7 32. Qe2 Nxd4 33. Qe1 Nc2 34. Qe2 d4 35. Rb8 dxc3 36. Qe8+ Kf6 37. Qh8+ Ke6 38. Qe8+ Be7 39. Rxb7 Nd5 40. Qg8+ Qf7 41. Qc8+ Kf6 42. bxc3 Kg7 43. Rb8 Bf8 44. Rb7 Ne7 45. Qg4 Qd5 46. Rd7 Qf5 47. Qd1 Nxa3 48. h4 Nb5 49. c4 Nc3 50. Qd4+ Qf6 51. Qd3 Na4 52. h5 Nc5 53. h6+ Kh7 54. Qd4 0-1

[Event "Asian Amateur Rapid 2024"]
[Site "Al Ain"]
[Date "2024.12.15"]
[Round "3.24"]
[White "Kalikhan, Abilmansur"]
[Black "Al Namas, Kanan"]
[Result "1/2-1/2"]
[ECO "A03"]
[WhiteElo "1731"]
[BlackElo "1813"]
[Annotator "NA RC"]
[PlyCount "81"]
[EventDate "2024.12.15"]
[EventType "swiss"]
[EventCountry "UAE"]
[SourceTitle "playchess.com"]
[Source "ChessBase"]
[SourceQuality "1"]
[TimeControl "900+10"]

1. f4 d5 2. Nf3 c5 3. e3 Nc6 4. Bb5 Bd7 5. Bxc6 Bxc6 6. O-O g6 7. d4 Bg7 8. c3 cxd4 9. exd4 Nf6 10. Nbd2 Ne4 11. Ne5 Nxd2 12. Nxc6 bxc6 13. Bxd2 O-O 14. f5 e6 15. fxe6 fxe6 16. Qg4 Rf5 17. Rae1 Qd7 18. h4 e5 19. Rxf5 gxf5 20. Qg5 e4 21. h5 h6 22. Qg6 Rf8 23. Bxh6 Rf6 24. Qxg7+ Qxg7 25. Bxg7 Kxg7 26. Kf2 Kh6 27. g3 Kg5 28. Ke3 Rh6 29. Rh1 Kg4 30. b3 a6 31. c4 Rxh5 32. Rxh5 Kxh5 33. Kf4 Kg6 34. a3 Kf6 35. cxd5 cxd5 36. b4 Ke6 37. a4 Kd6 38. Ke3 Kc6 39. Kf4 Kb6 40. Ke3 Kc6 41. Kf4 1/2-1/2

[Event "Asian Amateur Rapid 2024"]
[Site "Al Ain"]
[Date "2024.12.15"]
[Round "3.25"]
[White "Eisa Mohmood, Alkhoori"]
[Black "Al Hosni, Khalfan"]
[Result "0-1"]
[ECO "B62"]
[WhiteElo "1853"]
[BlackElo "1749"]
[Annotator "NA RC"]
[PlyCount "60"]
[EventDate "2024.12.15"]
[EventType "swiss"]
[EventCountry "UAE"]
[SourceTitle "playchess.com"]
[Source "ChessBase"]
[SourceQuality "1"]
[TimeControl "900+10"]

1. e4 c5 2. Nf3 d6 3. d4 cxd4 4. Nxd4 Nf6 5. Nc3 Nc6 6. Bg5 e6 7. Qd3 a6 8. Nxc6 bxc6 9. O-O-O Be7 10. Bxf6 gxf6 11. f4 a5 12. Be2 Qb6 13. e5 fxe5 14. fxe5 d5 15. Bh5 Ba6 16. Qf3 Rf8 17. Rhf1 Bxf1 18. Rxf1 a4 19. Bxf7+ Kd7 20. Bxe6+ Kxe6 21. Qg4+ Kxe5 22. Re1+ Kf6 23. Qh4+ Kg6 24. Qxe7 Qf2 25. h4 Qf4+ 26. Kb1 Rf7 27. h5+ Kg7 28. h6+ Kxh6 29. Re6+ Kg7 30. Ne2 Qf1+ 0-1

[Event "Asian Amateur Rapid 2024"]
[Site "Al Ain"]
[Date "2024.12.15"]
[Round "3.26"]
[White "Sinno, Abdul Salam"]
[Black "Mosallam, Mohammad"]
[Result "0-1"]
[ECO "A80"]
[WhiteElo "1527"]
[BlackElo "1753"]
[Annotator "NA RC"]
[PlyCount "84"]
[EventDate "2024.12.15"]
[EventType "swiss"]
[EventCountry "UAE"]
[SourceTitle "playchess.com"]
[Source "ChessBase"]
[SourceQuality "1"]
[TimeControl "900+10"]

1. d4 f5 2. Bf4 Nf6 3. e3 e6 4. h4 Be7 5. h5 Nd5 6. Be5 Bf6 7. Bh2 O-O 8. c3 b6 9. Nf3 d6 10. Nbd2 Bb7 11. a3 Nd7 12. Be2 Qe7 13. c4 c6 14. cxd5 cxd5 15. Bd3 a6 16. Qb3 b5 17. Qb4 Qf7 18. Bxd6 Rfd8 19. Bf4 Rdc8 20. Nb3 Be7 21. Qd2 Bd8 22. Ne5 Nxe5 23. Bxe5 Bb6 24. Rh3 a5 25. Qe2 a4 26. Nd2 Ba5 27. Rg3 g6 28. hxg6 hxg6 29. Qh5 Kf8 30. Qxg6 Qxg6 31. Rxg6 Rc6 32. Bxb5 Rc2 33. Rd1 Rxb2 34. Rxe6 Rxb5 35. Ke2 Rb2 36. Rf6+ Kg8 37. Rxf5 Ba6+ 38. Ke1 Rc8 39. Bd6 Bxd2+ 40. Rxd2 Rc1+ 41. Rd1 Re2+ 42. Kf1 Rxd1# 0-1

[Event "Asian Amateur Rapid 2024"]
[Site "Al Ain"]
[Date "2024.12.15"]
[Round "3.27"]
[White "Al Mamari, Said Ahmed"]
[Black "Raj Aryan"]
[Result "0-1"]
[ECO "C01"]
[WhiteElo "1707"]
[BlackElo "1609"]
[Annotator "NA RC"]
[PlyCount "145"]
[EventDate "2024.12.15"]
[EventType "swiss"]
[EventCountry "UAE"]
[SourceTitle "playchess.com"]
[Source "ChessBase"]
[SourceQuality "1"]
[TimeControl "900+10"]

1. e4 e6 2. d4 d5 3. Bd3 Nf6 4. e5 Nfd7 5. f4 c5 6. c3 Nc6 7. Nf3 f6 8. O-O Qb6 9. Kh1 Be7 10. a3 O-O 11. b4 cxd4 12. cxd4 Kh8 13. Bb2 a5 14. b5 Nd8 15. Ng5 f5 16. Qh5 Bxg5 17. fxg5 g6 18. Qh4 Nf7 19. Nc3 Qd8 20. Bc1 h6 21. Rf3 Kg7 22. gxh6+ Kh7 23. Qxd8 Rxd8 24. Bd2 b6 25. h4 Ra7 26. Bg5 Rg8 27. Na4 Rc7 28. Rff1 Bb7 29. Rac1 Rgc8 30. Kg1 Nxh6 31. Rxc7 Rxc7 32. Rc1 Rxc1+ 33. Bxc1 Nf7 34. Kf2 Kg7 35. Nc3 Kf8 36. a4 Nd8 37. g4 Nf7 38. h5 Nfxe5 39. dxe5 Nxe5 40. Be2 d4 41. Nd1 d3 42. Bf1 Nxg4+ 43. Kg3 gxh5 44. Bxd3 Ne5 45. Be2 Be4 46. Nc3 Bc2 47. Bxh5 Ke7 48. Ba3+ Kd7 49. Kf4 Nd3+ 50. Ke3 Ne5 51. Kd2 Bxa4 52. Nxa4 Nc4+ 53. Kc3 Nxa3 54. Nxb6+ Kc7 55. Nc4 Nxb5+ 56. Kd3 a4 57. Bd1 a3 58. Bb3 Kc6 59. Ne5+ Kd6 60. Nc4+ Kc5 61. Na5 e5 62. Ba2 e4+ 63. Ke3 Nc3 64. Be6 a2 65. Bxf5 Kb4 66. Nc6+ Ka3 67. Nd4 Kb2 68. Nb3 Kxb3 69. Be6+ Kb2 70. Bxa2 Kxa2 71. Kd2 Kb3 72. Ke3 Kc2 73. Kd4 0-1

[Event "Asian Amateur Rapid 2024"]
[Site "Al Ain"]
[Date "2024.12.15"]
[Round "3.28"]
[White "Al Sabti, Wadhah"]
[Black "nawaf saleh basabaien"]
[Result "1-0"]
[ECO "A41"]
[WhiteElo "1470"]
[BlackElo "1729"]
[Annotator "NA RC"]
[PlyCount "65"]
[EventDate "2024.12.15"]
[EventType "swiss"]
[EventCountry "UAE"]
[SourceTitle "playchess.com"]
[Source "ChessBase"]
[SourceQuality "1"]
[TimeControl "900+10"]

1. d4 d6 2. Nc3 Nf6 3. Bf4 Nbd7 4. e3 c6 5. Bd3 Qa5 6. Nge2 e5 7. dxe5 dxe5 8. Bg3 b5 9. O-O Qb4 10. b3 e4 11. a3 Qe7 12. Bxb5 cxb5 13. Nxb5 Ne5 14. Qd4 a6 15. Bxe5 axb5 16. Bxf6 gxf6 17. Nf4 Bb7 18. Nh5 Ra6 19. Rad1 Rg8 20. a4 bxa4 21. b4 Rg5 22. Nf4 Bg7 23. h4 Rb5 24. c3 a3 25. Qc4 Re5 26. Nd5 Rxd5 27. Rxd5 Bxd5 28. Qxa6 a2 29. c4 Qe6 30. Qxa2 Bxc4 31. Qa8+ Ke7 32. Rd1 f5 33. Qd8# 1-0

[Event "Asian Amateur Rapid 2024"]
[Site "Al Ain"]
[Date "2024.12.15"]
[Round "3.29"]
[White "Mohamed Yousuf Al-Ali"]
[Black "Ahmed Younes Alkhemeiri"]
[Result "0-1"]
[ECO "E43"]
[WhiteElo "1569"]
[BlackElo "1584"]
[Annotator "NA RC"]
[PlyCount "82"]
[EventDate "2024.12.15"]
[EventType "swiss"]
[EventCountry "UAE"]
[SourceTitle "playchess.com"]
[Source "ChessBase"]
[SourceQuality "1"]
[TimeControl "900+10"]

1. d4 Nf6 2. Nf3 e6 3. e3 b6 4. c4 Bb7 5. Nc3 Bb4 6. Bd3 O-O 7. O-O Bxc3 8. bxc3 d6 9. Qc2 Nbd7 10. a4 a5 11. Ba3 Re8 12. Nd2 h6 13. f4 e5 14. fxe5 dxe5 15. d5 Nc5 16. Bxc5 bxc5 17. Rab1 Ba6 18. h3 Qe7 19. Be4 Nd7 20. d6 Qxd6 21. Bxa8 Rxa8 22. Qe4 Re8 23. Rbd1 Nf6 24. Qf3 Qd3 25. Nb3 Qxc4 26. Nxa5 Qxc3 27. Nc6 Bxf1 28. Rxf1 Re6 29. Nd8 Rd6 30. Qa8 Qxe3+ 31. Kh2 Qe4 32. Nc6+ Kh7 33. Qf8 Qxc6 34. Qxf7 Rd7 35. Qc4 Qd5 36. Qc2+ e4 37. a5 Qd3 38. Qf2 e3 39. Qa2 Qxf1 40. Qc2+ Kg8 41. Qxc5 Qf4+ 0-1

[Event "Asian Amateur Rapid 2024"]
[Site "Al Ain"]
[Date "2024.12.15"]
[Round "3.30"]
[White "Saket Atul Kumar"]
[Black "Khabdes, Bakytzhan"]
[Result "1-0"]
[ECO "B15"]
[WhiteElo "1633"]
[BlackElo "1437"]
[Annotator "NA RC"]
[PlyCount "101"]
[EventDate "2024.12.15"]
[EventType "swiss"]
[EventCountry "UAE"]
[SourceTitle "playchess.com"]
[Source "ChessBase"]
[SourceQuality "1"]
[TimeControl "900+10"]

1. e4 c6 2. d4 d5 3. Nc3 dxe4 4. Nxe4 Nf6 5. Nxf6+ exf6 6. Bd3 Bd6 7. Qh5 Qe7+ 8. Ne2 Be6 9. O-O Nd7 10. c4 Nf8 11. d5 g6 12. Qf3 Bd7 13. Nd4 c5 14. Nc2 O-O-O 15. Be3 h5 16. a3 Bg4 17. Qe4 Qc7 18. Rfd1 Bxh2+ 19. Kf1 Bd6 20. b4 Nd7 21. bxc5 Nxc5 22. Qd4 Nb3 23. Qxa7 Nxa1 24. Rxa1 h4 25. c5 Be5 26. Rb1 Rxd5 27. Rxb7 Qxb7 28. Ba6 Rd1+ 29. Ne1 Qxa6+ 30. Qxa6+ Kc7 31. Qa7+ Kc6 32. f3 Be6 33. Qa4+ Kc7 34. Qxd1 h3 35. gxh3 Bxh3+ 36. Ke2 Be6 37. Qa4 Rh2+ 38. Bf2 g5 39. Qa7+ Kc8 40. c6 Bc7 41. Qa8+ Bb8 42. Qb7+ Kd8 43. Qxb8+ Ke7 44. Qxh2 f5 45. Qe5 f6 46. Bc5+ Kf7 47. Qc7+ Kg6 48. Bd4 f4 49. Qe7 Bc4+ 50. Kf2 Kh5 51. Qh7# 1-0

[Event "Asian Amateur Rapid 2024"]
[Site "Al Ain"]
[Date "2024.12.15"]
[Round "3.32"]
[White "Mohammed Saeed Alshamsi"]
[Black "Manuwaruna, Sethun Neththaru"]
[Result "0-1"]
[ECO "B07"]
[WhiteElo "1535"]
[BlackElo "1933"]
[Annotator "RC"]
[PlyCount "43"]
[EventDate "2024.12.15"]
[EventType "swiss"]
[EventCountry "UAE"]
[SourceTitle "playchess.com"]
[Source "ChessBase"]
[SourceQuality "1"]
[TimeControl "900+10"]

1. e4 d6 2. d4 Nf6 3. Nc3 Nbd7 4. f4 e5 5. fxe5 dxe5 6. dxe5 Nxe5 7. Qxd8+ Kxd8 8. Nf3 Bd6 9. Bd2 c6 10. h3 Nxf3+ 11. gxf3 Bg3+ 12. Ke2 Nh5 13. Rd1 Ke7 14. Rg1 Be6 15. Be1 Bh2 16. Rh1 Be5 17. Kd2 Bf4+ 18. Ke2 b5 19. b3 Rad8 20. h4 Be5 21. Nb1 Nf4+ 22. Ke3 0-1

[Event "Asian Amateur Rapid 2024"]
[Site "Al Ain"]
[Date "2024.12.15"]
[Round "3.33"]
[White "Maleki, Alimohammad"]
[Black "Humaidan Mohamed, Alzaabi"]
[Result "1-0"]
[ECO "A48"]
[WhiteElo "1488"]
[BlackElo "1811"]
[Annotator "NA RC"]
[PlyCount "143"]
[EventDate "2024.12.15"]
[EventType "swiss"]
[EventCountry "UAE"]
[SourceTitle "playchess.com"]
[Source "ChessBase"]
[SourceQuality "1"]
[TimeControl "900+10"]

1. d4 Nf6 2. Bf4 g6 3. e3 Bg7 4. Nf3 d6 5. h3 O-O 6. Be2 Nc6 7. O-O Nd7 8. Bh2 e5 9. c3 f5 10. Bc4+ Kh8 11. dxe5 dxe5 12. Na3 a6 13. Qd5 Qe7 14. Rad1 Nb6 15. Qd2 Be6 16. Bb3 Bxb3 17. axb3 Rad8 18. Qc2 e4 19. Nd4 Ne5 20. Bxe5 Bxe5 21. Rfe1 Rd7 22. Nc4 Nxc4 23. bxc4 c5 24. Nb3 Rfd8 25. Rxd7 Rxd7 26. Rd1 b6 27. Rd5 Rxd5 28. cxd5 c4 29. Nd4 Bxd4 30. exd4 Qd7 31. Qd2 Qxd5 32. Qf4 Qe6 33. Qb8+ Kg7 34. Qb7+ Kh6 35. Qxa6 e3 36. Kf1 e2+ 37. Ke1 f4 38. h4 Kh5 39. Qb7 Kxh4 40. Qxh7+ Kg5 41. Qc7 Qe4 42. Qxc4 Qxg2 43. Qxe2 Qh1+ 44. Qf1 Qe4+ 45. Qe2 Qb1+ 46. Qd1 Qxb2 47. Qd2 Qa1+ 48. Ke2 Qh1 49. d5 Qe4+ 50. Kd1 Qb1+ 51. Ke2 Qe4+ 52. Kd1 Qb1+ 53. Ke2 Qb5+ 54. Ke1 Qd7 55. d6 Qe6+ 56. Kd1 Qb3+ 57. Ke1 Qe6+ 58. Kd1 Qb3+ 59. Ke2 Qb5+ 60. Ke1 Qe5+ 61. Kd1 Qe8 62. d7 Qd8 63. Qd5+ Kf6 64. Qd4+ Kg5 65. Qe5+ Kg4 66. Qe6+ Kf3 67. Ke1 Kg2 68. Qg4+ Kh1 69. Qh3+ Kg1 70. Qg4+ Kh1 71. Kf1 Qxd7 72. Qg2# 1-0

[Event "Asian Amateur Rapid 2024"]
[Site "Al Ain"]
[Date "2024.12.15"]
[Round "3.34"]
[White "Al Riyami, Saeed"]
[Black "Rashed Abubaker, Alhemeiri"]
[Result "0-1"]
[ECO "A11"]
[WhiteElo "1426"]
[BlackElo "1861"]
[Annotator "NA RC"]
[PlyCount "106"]
[EventDate "2024.12.15"]
[EventType "swiss"]
[EventCountry "UAE"]
[SourceTitle "playchess.com"]
[Source "ChessBase"]
[SourceQuality "1"]
[TimeControl "900+10"]

1. c4 c6 2. g3 d5 3. d3 Nf6 4. Bg2 dxc4 5. dxc4 Qxd1+ 6. Kxd1 Bf5 7. Nc3 e6 8. e4 Bg6 9. f4 Bb4 10. e5 Bxc3 11. bxc3 Ne4 12. Bb2 Nf2+ 13. Ke2 Nxh1 14. Bxh1 Nd7 15. Nf3 Nb6 16. Nd2 O-O-O 17. c5 Na4 18. Ne4 Bxe4 19. Bxe4 Nxb2 20. Rb1 Na4 21. Rb3 Nxc5 22. Ra3 Nxe4 23. Rxa7 Kc7 24. c4 Ra8 25. Rxa8 Rxa8 26. Kd3 Nf2+ 27. Ke3 Rxa2 28. h4 Nd1+ 29. Kf3 Kb6 30. Ke4 Kc5 31. g4 Kxc4 32. f5 exf5+ 33. gxf5 Re2+ 34. Kf4 Kd5 35. Kg5 h6+ 36. Kf4 Rxe5 37. h5 Re4+ 38. Kf3 Ke5 39. f6 Rf4+ 40. Ke2 Nc3+ 41. Kd3 Rxf6 42. Kxc3 Rf4 43. Kd3 Re4 44. Kc3 Kd5 45. Kd3 b5 46. Kc3 Rd4 47. Kc2 Kc4 48. Kc1 Rd3 49. Kc2 b4 50. Kb2 Rc3 51. Kb1 Kb3 52. Ka1 Rh3 53. Kb1 Rh1# 0-1

[Event "Asian Amateur Rapid 2024"]
[Site "Al Ain"]
[Date "2024.12.15"]
[Round "3.35"]
[White "Al Hinai, Qusay"]
[Black "Mohammed Hamad Alkhemeiri"]
[Result "1-0"]
[ECO "E32"]
[WhiteElo "1862"]
[BlackElo "1482"]
[Annotator "NA RC"]
[PlyCount "79"]
[EventDate "2024.12.15"]
[EventType "swiss"]
[EventCountry "UAE"]
[SourceTitle "playchess.com"]
[Source "ChessBase"]
[SourceQuality "1"]
[TimeControl "900+10"]

1. d4 Nf6 2. c4 e6 3. Nc3 Bb4 4. Qc2 b6 5. f3 Bb7 6. e4 d6 7. Bd3 Nbd7 8. Nge2 c5 9. d5 Ne5 10. a3 Bxc3+ 11. Qxc3 O-O 12. Bf4 Nxd3+ 13. Qxd3 exd5 14. cxd5 Nh5 15. Be3 f5 16. O-O f4 17. Bd2 Qg5 18. Bc3 Bc8 19. Kh1 Qh4 20. Be1 Qg5 21. b4 a5 22. Bc3 Ba6 23. b5 Bc8 24. a4 Qh6 25. Ra2 Ng3+ 26. Nxg3 fxg3 27. h3 Bxh3 28. gxh3 Qxh3+ 29. Kg1 Rf4 30. Qe2 h5 31. Qg2 Qh4 32. Be1 Qf6 33. Bxg3 Qd4+ 34. Kh2 Rf6 35. Qd2 Qc4 36. Qe2 Qb3 37. Qc2 Qe3 38. Qc1 Qb3 39. Ra3 Qb4 40. Be1 1-0

[Event "Asian Amateur Rapid 2024"]
[Site "Al Ain"]
[Date "2024.12.15"]
[Round "3.38"]
[White "taleb al, ameri"]
[Black "Sharfa, Farukh"]
[Result "1/2-1/2"]
[ECO "A00"]
[WhiteElo "1623"]
[BlackElo "1536"]
[Annotator "NA RC"]
[PlyCount "118"]
[EventDate "2024.12.15"]
[EventType "swiss"]
[EventCountry "UAE"]
[SourceTitle "playchess.com"]
[Source "ChessBase"]
[SourceQuality "1"]
[TimeControl "900+10"]

1. e4 d5 2. Nc3 dxe4 3. Nxe4 e5 4. Nf3 Nc6 5. c3 Bd6 6. Bc4 h6 7. O-O Nf6 8. Ng3 Bg4 9. h3 Bd7 10. Re1 O-O 11. d3 Re8 12. Nh4 Na5 13. Bb3 Nxb3 14. axb3 Qc8 15. b4 b6 16. Ne4 Nxe4 17. dxe4 Qd8 18. Qh5 Re6 19. Nf5 Rg6 20. Nh4 Rf6 21. Re3 Kh7 22. Rg3 Qf8 23. Bg5 Re6 24. Nf5 Rg6 25. Bh4 Rxg3 26. Nxg3 g6 27. Qf3 g5 28. Nh5 Be7 29. Bg3 f6 30. Rd1 Be6 31. Bh2 Kg6 32. Ng3 Kh7 33. Nf5 Qf7 34. h4 Rd8 35. hxg5 Rxd1+ 36. Qxd1 hxg5 37. Qg4 Bxf5 38. Qxf5+ Kg7 39. Bg3 Bd6 40. f3 a5 41. bxa5 bxa5 42. Qc8 a4 43. Bf2 a3 44. bxa3 Bxa3 45. Qa6 Qe7 46. Qb5 Qd8 47. Qd5 Qxd5 48. exd5 Kf7 49. c4 f5 50. g3 Ke7 51. c5 Kf6 52. Kf1 e4 53. Bd4+ Ke7 54. fxe4 fxe4 55. Ke2 Bc1 56. g4 Bf4 57. Be3 Kf6 58. Bd4+ Ke7 59. Be3 Kf6 1/2-1/2

[Event "Asian Amateur Rapid 2024"]
[Site "Al Ain"]
[Date "2024.12.15"]
[Round "3.39"]
[White "Amrit Adhikari"]
[Black "Sultan Ahmed AlMheiri"]
[Result "1-0"]
[ECO "C45"]
[WhiteElo "1602"]
[BlackElo "1569"]
[Annotator "NA RC"]
[PlyCount "77"]
[EventDate "2024.12.15"]
[EventType "swiss"]
[EventCountry "UAE"]
[SourceTitle "playchess.com"]
[Source "ChessBase"]
[SourceQuality "1"]
[TimeControl "900+10"]

1. e4 e5 2. Nf3 Nc6 3. d4 exd4 4. Nxd4 Nf6 5. Nxc6 bxc6 6. e5 Nd5 7. Bd3 Bc5 8. O-O O-O 9. Nc3 Nxc3 10. bxc3 Re8 11. e6 Qe7 12. exf7+ Qxf7 13. Bb2 d5 14. Qd2 Bd7 15. Qg5 Be7 16. Qg3 Bd6 17. Qh4 h6 18. c4 Rab8 19. Rab1 Bf5 20. cxd5 cxd5 21. Bxf5 Qxf5 22. Qa4 Bc5 23. Bd4 Bxd4 24. Qxd4 Qxc2 25. Qxd5+ Kh8 26. Rxb8 Rxb8 27. g3 c6 28. Qd6 Rb2 29. a3 Rb3 30. Re1 Qc3 31. Qf8+ Kh7 32. Qf5+ g6 33. Re7+ Qg7 34. Rxg7+ Kxg7 35. Qe5+ Kh7 36. Qe7+ Kh8 37. Qf6+ Kh7 38. Qf7+ Kh8 39. Qxb3 1-0

[Event "Asian Amateur Rapid 2024"]
[Site "Al Ain"]
[Date "2024.12.15"]
[Round "3.40"]
[White "Muhammad Saleem, Hamad"]
[Black "KHALID ALHAWAY"]
[Result "0-1"]
[ECO "C55"]
[WhiteElo "1577"]
[BlackElo "1529"]
[Annotator "NA RC"]
[PlyCount "102"]
[EventDate "2024.12.15"]
[EventType "swiss"]
[EventCountry "UAE"]
[SourceTitle "playchess.com"]
[Source "ChessBase"]
[SourceQuality "1"]
[TimeControl "900+10"]

1. e4 e5 2. Nf3 Nc6 3. Bc4 Nf6 4. Nc3 Nxe4 5. Nxe4 d5 6. Bxd5 Qxd5 7. Nc3 Qa5 8. d3 Bb4 9. Bd2 Nd4 10. Nxd4 exd4 11. Ne4 O-O 12. c3 dxc3 13. bxc3 Ba3 14. O-O Qd5 15. c4 Qxd3 16. Re1 Qxc4 17. Qb3 Qxb3 18. axb3 Bb2 19. Ra2 Bf6 20. Nxf6+ gxf6 21. Bh6 Rd8 22. Rae2 Be6 23. Re3 Rd5 24. Rg3+ Rg5 25. Bxg5 fxg5 26. Rxg5+ Kf8 27. Rg3 a5 28. Rc1 a4 29. bxa4 Rxa4 30. h3 c6 31. Rb1 b5 32. Kf1 Ra2 33. Rc3 Bd5 34. Re3 f6 35. Kg1 Kf7 36. f3 Bc4 37. Kh2 c5 38. Rc3 Ke6 39. Kg3 Kd5 40. Kf4 Kd4 41. Rcc1 Rxg2 42. Rd1+ Kc3 43. Rbc1+ Rc2 44. Ke3 Rxc1 45. Rxc1+ Kb2 46. Rd1 b4 47. Rd2+ Kc1 48. Rg2 b3 49. f4 b2 50. Rxb2 Kxb2 51. Kd2 Bb3 0-1

[Event "Asian Amateur Rapid 2024"]
[Site "Al Ain"]
[Date "2024.12.15"]
[Round "3.41"]
[White "Amirgali, Zhanali"]
[Black "Abdulla Ateeq Alremaeithi"]
[Result "0-1"]
[ECO "B30"]
[WhiteElo "1497"]
[BlackElo "1639"]
[Annotator "NA RC"]
[PlyCount "90"]
[EventDate "2024.12.15"]
[EventType "swiss"]
[EventCountry "UAE"]
[SourceTitle "playchess.com"]
[Source "ChessBase"]
[SourceQuality "1"]
[TimeControl "900+10"]

1. e4 c5 2. c4 Nc6 3. Nf3 d6 4. Nc3 Bg4 5. h3 Bxf3 6. Qxf3 Nd4 7. Qd1 e6 8. d3 Nf6 9. Be3 Nc6 10. Be2 Be7 11. O-O d5 12. cxd5 exd5 13. exd5 Nxd5 14. Qb3 Nxe3 15. fxe3 O-O 16. Qxb7 Ne5 17. Qe4 Bf6 18. d4 cxd4 19. exd4 Ng6 20. Qg4 Qxd4+ 21. Qxd4 Bxd4+ 22. Kh1 Rab8 23. Rab1 Rfe8 24. Bc4 Ne5 25. b3 Bxc3 26. Rbc1 Bd4 27. Rcd1 Nxc4 28. Rxd4 Ne5 29. Ra4 Rb7 30. Re1 f6 31. Kg1 Rd8 32. Kf2 Nd3+ 33. Ke2 Nxe1 34. Kxe1 Re7+ 35. Kf2 Rd2+ 36. Kf3 Kf7 37. Rh4 Rxa2 38. Rxh7 Kg6 39. Rh4 Rb7 40. b4 Ra3+ 41. Kf2 a5 42. bxa5 Rxa5 43. Kf3 Rb3+ 44. Kf2 f5 45. g4 Ra2+ 0-1

[Event "Asian Amateur Rapid 2024"]
[Site "Al Ain"]
[Date "2024.12.15"]
[Round "3.42"]
[White "Alymjanov, Mekan"]
[Black "Amirgali, Nurali"]
[Result "1-0"]
[ECO "E73"]
[WhiteElo "1480"]
[BlackElo "1572"]
[Annotator "NA RC"]
[PlyCount "55"]
[EventDate "2024.12.15"]
[EventType "swiss"]
[EventCountry "UAE"]
[SourceTitle "playchess.com"]
[Source "ChessBase"]
[SourceQuality "1"]
[TimeControl "900+10"]

1. d4 g6 2. c4 Bg7 3. Nc3 d6 4. e4 Nf6 5. Be2 O-O 6. g4 e5 7. d5 c6 8. h4 Qb6 9. g5 Ne8 10. h5 Qd4 11. Bd2 Na6 12. Qc1 Qb6 13. Be3 Qd8 14. Qd2 Nec7 15. O-O-O c5 16. f4 Bd7 17. Rf1 Qc8 18. Bd3 exf4 19. Bxf4 Be5 20. Bxe5 dxe5 21. hxg6 fxg6 22. Qh2 Rxf1+ 23. Bxf1 h5 24. gxh6 Kh7 25. Qxe5 Qf8 26. Nf3 Re8 27. Ng5+ Kg8 28. h7# 1-0

[Event "Asian Amateur Rapid 2024"]
[Site "Al Ain"]
[Date "2024.12.15"]
[Round "4.1"]
[White "Ahmad, Al Romaithi"]
[Black "Rashid Husain Alhammadi"]
[Result "1-0"]
[ECO "C88"]
[WhiteElo "1976"]
[BlackElo "1914"]
[Annotator "RC"]
[PlyCount "53"]
[EventDate "2024.12.15"]
[EventType "swiss"]
[EventCountry "UAE"]
[SourceTitle "playchess.com"]
[Source "ChessBase"]
[SourceQuality "1"]
[TimeControl "900+10"]

1. e4 e5 2. Nf3 Nc6 3. Bb5 a6 4. Ba4 Nf6 5. O-O Be7 6. Re1 b5 7. Bb3 O-O 8. a4 b4 9. a5 Bc5 10. d3 d5 11. exd5 Nxd5 12. Nxe5 Qh4 13. Qf3 Nxe5 14. Rxe5 Bb7 15. Bxd5 Bxd5 16. Rxd5 Rae8 17. Bd2 Bd6 18. Rh5 Qe7 19. Be3 g6 20. Rh3 Qe5 21. c3 bxc3 22. Nxc3 Rb8 23. Ne4 Be7 24. d4 Qe6 25. d5 Qe5 26. Bc5 Qxb2 27. Rd1 1-0